 Dungeon Crawl Stone Soup version 0.23.2-40-g277498a001 (webtiles) character file.

Game seed: 1859408954207562589

135 Marnok the Shield-Bearer (level 4, -1/41 HPs)
             Began as a Minotaur Fighter on Oct 18, 2019.
             Slain by an ogre
             ... wielding a +0 giant spiked club
              (20 damage)
             ... on level 3 of the Dungeon.
             The game lasted 00:05:22 (1787 turns).

Marnok the Shield-Bearer (Minotaur Fighter)         Turns: 1787, Time: 00:05:24

Health: -1/41      AC:  8    Str: 21    XL:     4   Next: 97%
Magic:  3/3        EV:  7    Int:  5    God:
Gold:   90         SH:  0    Dex: 10    Spells: 3/3 levels left

rFire    . . .     SeeInvis .   a - +0 long sword
rCold    . . .     Gourm    .   c - +0 shield
rNeg     . . .     Faith    .   b - +0 scale mail
rPois    .         Spirit   .   (helmet restricted)
rElec    .         Reflect  .   (no cloak)
rCorr    .         Harm     .   (no gloves)
MR       .....                  m - +0 pair of boots
Stlth    ..........             d - amulet of the acrobat
HPRegen  0.13/turn              (no ring)
MPRegen  0.08/turn              (no ring)

@: confused
A: retaliatory headbutt, horns 2
a: no special abilities


You were on level 3 of the Dungeon.
You were not hungry.

You visited 1 branch of the dungeon, and saw 3 of its levels.

You collected 90 gold pieces.

Inventory:

Hand Weapons
 a - a +0 long sword (weapon)
Missiles
 k - 2 exploding tomahawks (quivered)
Armour
 b - a +0 scale mail (worn)
 c - a +0 shield (worn)
 m - a +0 pair of boots (worn)
Jewellery
 d - an amulet of the acrobat (around neck)
Scrolls
 g - 3 scrolls of fear
 h - a scroll of noise
 i - a scroll of magic mapping
 l - a scroll of blinking
Potions
 e - a potion of heal wounds
Comestibles
 f - 7 rations
 j - a chunk of flesh


   Skills:
 + Level 4.3 Fighting
 + Level 4.4 Long Blades
 + Level 4.3 Armour
 + Level 0.2 Dodging
 + Level 0.3 Stealth
 + Level 4.4 Shields


You had 3 spell levels left.
You didn't know any spells.
Your spell library was empty.

Dungeon Overview and Level Annotations

Branches:
Dungeon (3/15)

Altars:


Innate Abilities, Weirdness & Mutations

You reflexively headbutt those who attack you in melee.
You have a pair of horns on your head.


Message History

You slash the orc!
You kill the orc!
The orc wizard gestures at you while chanting.
The puff of flame hits you. The orc closely misses you.
You riposte.
You hit the orc.
The orc is moderately wounded.
You closely miss the orc. Your headbutt misses the orc.
The orc is moderately wounded.
The orc wizard casts a spell at you.
You are confused.
The orc closely misses you. The orc hits you but does no damage.
The ogre barely misses you. The orc barely misses you.
The orc wizard barely misses you. The orc hits you with a +0 flail.
You hit the ogre.
The ogre is lightly wounded.
The orc wizard hits you but does no damage.
The orc hits you from afar with a +0 trident.
The orc hits you with a +0 flail!
The ogre hits you with a +0 giant spiked club!!
You die...

.......## #...#
#....... .....#
##.......##....#
...............# .
#......##.....### .#
##.......o.......##..#
..................#..##
.......<@O.............
........oo.............
......##g.(............
..?... #.#.(.((.......o
####. #.#.........###.
#. ..#...)......... #
..#####..........
..####.....##.##.. ###
## #.....### .# .


You could see an ogre, an orc wizard, 2 orcs and a goblin.

Vanquished Creatures
  Robin (D:3)
  7 adders
  An ooze (D:2)
  A worm (D:2)
  3 leopard geckos (D:1)
  An orc (D:3)
  A bat (D:1)
  4 giant cockroaches
  8 goblins
  10 hobgoblins
  A kobold (D:2)
  A quokka (D:2)
  A ball python (D:1)
  2 frilled lizards (D:2)
  7 rats
49 creatures vanquished.

Notes
Turn   | Place    | Note
-------+----------+-------------------------------------------
     0 | D:1      | Marnok the Minotaur Fighter began the quest for the Orb.
     0 | D:1      | Reached XP level 1. HP: 19/19 MP: 0/0
   125 | D:1      | Reached XP level 2. HP: 18/27 MP: 1/1
   835 | D:2      | Reached XP level 3. HP: 29/33 MP: 2/2
  1144 | D:2      | Reached XP level 4. HP: 33/40 MP: 3/3
  1507 | D:3      | Noticed Robin
  1530 | D:3      | Killed Robin
  1534 | D:3      | Noticed an ogre
  1787 | D:3      | Slain by an ogre

Skill      XL: |  1  2  3 |
---------------+----------+-----
Armour         | 4 |  4.3
Long Blades    | 3 4 |  4.4
Shields        | 4 |  4.4
Fighting       | 4 |  4.3
Dodging        | |  0.2
Stealth        | |  0.3

Action                   |  1- 3 |  4- 6 || total
-------------------------+-------+-------++-------
Melee: Long sword        |    65 |    87 ||   152
       Headbutt          |     4 |     8 ||    12
  Use: Scroll            |       |     8 ||     8
       Potion            |       |     1 ||     1
  Eat: Chunk             |     1 |     2 ||     3
Armor: Scale mail        |    18 |    63 ||    81
Dodge: Dodged            |    17 |    35 ||    52
Block: Shield            |    32 |    72 ||   104
       Rpst.: Long sword |     4 |     7 ||    11
